 Seeded DCSS version 0.30.1-4-g462c640d31 (webtiles) character file.

Game seed: 6351066067085065685 (custom seed)

98 Esekla the Grave Robber (level 4, 0/24 HPs)
             Began as a Deep Elf Necromancer on Aug 31, 2023.
             Was a Follower of Vehumet.
             Slain by a black bear (6 damage)
             ... on level 2 of the Dungeon.
             The game lasted 00:14:13 (1805 turns).

Esekla the Grave Robber (Deep Elf Necromancer)      Turns: 1805, Time: 00:14:14

Health: 0/24       AC:  4    Str:  5    XL:     4   Next: 44%
Magic:  2/11       EV: 13    Int: 22    God:    Vehumet [*.....]
Gold:   164        SH:  0    Dex: 15    Spells: 1/9 levels left

rFire   . . .        k - +1 short sword (freeze)
rCold   . . .        (no shield)
rNeg    . . .        a - +0 robe
rPois   .            i - +0 helmet
rElec   .            (no cloak)
rCorr   .            c - +0 pair of gloves
SInv    .            (no boots)
Will    .....        (no amulet)
Stlth   ++           (no ring)
HPRegen 0.24/turn    (no ring)
MPRegen 0.12/turn

%: no passive effects
@: no status effects
A: no striking features
a: Renounce Religion


You were on level 2 of the Dungeon.
You worshipped Vehumet.
Vehumet was aware of your devotion.
You visited 1 branch of the dungeon, and saw 4 of its levels.

You collected 164 gold pieces.

Inventory:

Hand Weapons
 k - a +1 short sword of freezing (weapon)
 r - a +0 spear
Missiles
 s - 7 poisoned darts (quivered)
Armour
 a - a +0 robe (worn)
 c - a +0 pair of gloves (worn)
 i - a +0 helmet (worn)
Wands
 e - a wand of roots (6)
Scrolls
 f - 3 scrolls of identify {unknown}
 m - a scroll of amnesia {unknown}
 n - a scroll of enchant armour {unknown}
 o - a scroll of blinking {unknown}
 q - a scroll of fog {unknown}
Potions
 b - a potion of magic
 d - a potion of ambrosia {unknown}
 g - a potion of haste {unknown}
 h - 2 potions of curing {unknown}
 j - a potion of mutation {unknown}
 l - 2 potions of attraction {unknown}
 p - 2 potions of brilliance {unknown}
 t - a potion of heal wounds {unknown}


   Skills:
 + Level 0.9 Short Blades
 * Level 3.0 Dodging
 + Level 3.4 Stealth
 * Level 3.4 Spellcasting
 * Level 5.9 Necromancy
 * Level 0.4 Translocations
 + Level 0.2 Evocations


You had one spell level left.
You knew the following spells:

 Your Spells              Type           Power      Damage    Failure   Level
a - Necrotise             Necr           100%       1d9       1%          1
b - Foxfire               Conj/Fire      12%        2x1d4     12%         1
d - Vampiric Draining     Necr           30%        2d8       3%          3
t - Teleport Other        Tloc           5%         N/A       30%         3

Your spell library contained the following spells:

 Spells                   Type           Power      Damage    Failure   Level
 Animate Dead             Necr           30%        N/A       10%         4
 Lesser Beckoning         Tloc           10%        N/A       16%         2
 Agony                    Necr           30%        N/A       28%         5
 Gell's Gravitas          Tloc           5%         N/A       30%         3


Dungeon Overview and Level Annotations

Branches:
Dungeon (4/15)
 Temple: D:4-7

Altars:
Okawaru
Vehumet
Zin

Shops:
D:2 =


Message History

Casting: Vampiric Draining (quite dangerous; 3% risk of failure)
Confirm with . or Enter, or press ? or * to list all spells.
The spell is quite dangerous to miscast (3% risk of failure)!
Continue anyway?
Aiming: Vampiric Draining (quite dangerous; 3% risk of failure)
Press: ? - help, Shift-Dir - straight line, f/p - black bear
Aim: a black bear (moderately wounded, poisoned)
You draw life force from the black bear.
You feel life coursing into your body. The black bear bites you.
The black bear claws you. The black bear misses you.
Casting: Vampiric Draining (quite dangerous; 3% risk of failure)
Confirm with . or Enter, or press ? or * to list all spells.
The spell is quite dangerous to miscast (3% risk of failure)!
Continue anyway?
Aiming: Vampiric Draining (quite dangerous; 3% risk of failure)
Press: ? - help, Shift-Dir - straight line, f/p - black bear
Aim: a black bear (moderately wounded, poisoned)
You draw life force from the black bear!
You feel life coursing into your body. The black bear barely misses you.
The black bear claws you. The black bear barely misses you.
Casting: Vampiric Draining (quite dangerous; 3% risk of failure)
Confirm with . or Enter, or press ? or * to list all spells.
The spell is quite dangerous to miscast (3% risk of failure)!
Continue anyway?
Aiming: Vampiric Draining (quite dangerous; 3% risk of failure)
Press: ? - help, Shift-Dir - straight line, f/p - black bear
Aim: a black bear (severely wounded, poisoned)
You draw life force from the black bear.
You feel life coursing into your body.
The black bear looks more healthy.
The black bear goes berserk!
You completely miss the black bear.
The black bear is almost dead.
The black bear bites you. The black bear barely misses you.
The black bear claws you but does no damage.
The black bear closely misses you. The black bear claws you.
The black bear claws you but does no damage.
You hit the black bear. You freeze the black bear.
The black bear is almost dead.
The black bear bites you.
* * * LOW HITPOINT WARNING * * *
The black bear claws you but does no damage.
The black bear claws you.
You die...

.....................#
##########.#...####..#
#.##........# #.##..#####.#
#.##..#####.###
######.##<.........#
#......##........).# #####
#.####.##.######.#.####.$....
#.......#...@h(....(....#####
####.#####.########.#.######
#....#8.8#....# #.#†#
#.8###...###8.#####.#.#
#..'..._...+........#.#
#.8###...###8.#.#####.#
#....#8.8#......# #.#
##...#####.....## #.#
##.........#### #.#


You could see a black bear (berserk).

Vanquished Creatures
  An iguana (D:2)
  2 gnolls (D:2)
  An adder (D:2)
  A dart slug (D:1)
  2 orcs
  5 ball pythons (D:1)
  4 endoplasms
  8 goblins
  2 hobgoblins
  A quokka (D:1)
  4 bats
  4 frilled lizards
  5 kobolds
  A rat (D:2)
41 creatures vanquished.

Notes
Turn   | Place    | Note
-------+----------+-------------------------------------------
     0 | D:1      | Esekla the Deep Elf Necromancer began the quest for the
                  | Orb.
     0 | D:1      | Reached XP level 1. HP: 10/10 MP: 6/6
   176 | D:2      | Found Renulab's Jewellery Shop.
   524 | D:4      | Found a radiant altar of Vehumet.
   535 | D:4      | Found an iron altar of Okawaru.
   546 | D:4      | Found a glowing silver altar of Zin.
   642 | D:4      | Became a worshipper of Vehumet
   743 | D:4      | Reached skill level 5 in Necromancy
   805 | D:3      | Reached XP level 2. HP: 15/15 MP: 8/8
  1228 | D:1      | Reached XP level 3. HP: 14/19 MP: 9/9
  1232 | D:1      | Learned a level 3 spell: Vampiric Draining
  1327 | D:1      | Reached * piety under Vehumet
  1327 | D:1      | Offered knowledge of Foxfire by Vehumet.
  1355 | D:1      | Learned a level 3 spell: Teleport Other
  1357 | D:1      | Learned a level 1 spell: Foxfire
  1586 | D:2      | Reached XP level 4. HP: 23/24 MP: 3/11
  1694 | D:2      | Found a faded altar of an unknown god.
  1782 | D:2      | Noticed a black bear
  1805 | D:2      | Slain by a black bear

Illustrated notes

Levels and vault maps discovered:
D:1:      sevenhm_arrival_forest_fort_small_3, layout_rooms,
          chequers_serial_rivers_room_b, minmay_misc_feat_five
D:2:      layout_loops_ring, dreamdust_ecumenical_altar_angels_and_demons,
          serial_shops, shop
D:3:      layout_basic, grunt_temple_overflow_open, minmay_misc_feat_iff
D:4:      layout_basic, nicolae_overflow_quartered_altars, serial_shops,
          nicolae_diamond_shop

Skill      XL: |  1  2  3  4 |
---------------+-------------+-----
Necromancy     | 5 |  5.9
Stealth        | 3 |  3.4
Dodging        | 3 |  3.0
Short Blades   | |  0.9
Spellcasting   | |  3.4
Translocations | |  0.4
Evocations     | |  0.2

Action                     |  1- 3 |  4- 6 || total
---------------------------+-------+-------++-------
  Melee: Short sword       |    79 |    13 ||    92
         Unarmed           |     9 |       ||     9
         Punch             |     1 |       ||     1
  Throw: Dart              |       |     2 ||     2
   Cast: Vampiric Draining |     2 |     6 ||     8
  Evoke: Wand              |     3 |       ||     3
    Use: Scroll            |     1 |       ||     1
   Stab: Sleeping          |     7 |     1 ||     8
         Distracted        |     1 |       ||     1
 Armour: Robe              |    17 |     5 ||    22
  Dodge: Dodged            |    50 |    16 ||    66
